 Dungeon Crawl Stone Soup version 0.29-a0-559-g359e09b9d1 (webtiles) character file.

Game seed: 15922362884019163472

2079 Miritol the Quickloader (level 9, -4/48 HPs)
             Began as a Tengu Hunter on June 9, 2022.
             Was a Believer of Okawaru.
             Slain by an orc warrior
             ... wielding a +0 glaive
              (10 damage)
             ... on level 6 of the Dungeon.
             The game lasted 00:14:33 (8938 turns).

Miritol the Quickloader (Tengu Hunter)              Turns: 8938, Time: 00:14:34

Health: -4/48      AC:  8    Str: 15    XL:     9   Next: 26%
Magic:  10/10      EV: 12    Int: 11    God:    Okawaru [**....]
Gold:   434        SH:  0    Dex: 17    Spells: 8/8 levels left

rFire   . . .      SeeInvis .   b - +2 dagger (drain)
rCold   . . .      Faith    .   v - orb {light}
rNeg    . . .      Spirit   .   w - +0 scale mail
rPois   .          Reflect  .   (helmet restricted)
rElec   .          Harm     .   (no cloak)
rCorr   .          Rampage  .   (no gloves)
Will    .....                   (boots unavailable)
Stlth   ..........              (no amulet)
HPRegen 0.16/turn               (no ring)
MPRegen 0.12/turn               (no ring)

@: flying quickly and evasively, glowing, quick
A: beak, talons 3, nimble flight
a: Renounce Religion, Heroism


You were on level 6 of the Dungeon.
You worshipped Okawaru.
Okawaru was pleased with you.
You visited 2 branches of the dungeon, and saw 8 of its levels.

You collected 434 gold pieces.

Inventory:

Hand Weapons
 a - a +2 hand crossbow
 b - a +2 dagger of draining (weapon)
 s - a +0 flail
Missiles
 p - 10 poisoned darts (quivered)
Armour
 e - a +0 chain mail
 v - an orb of light (worn)
 w - a +0 scale mail (worn)
Wands
 u - a wand of flame (46)
Scrolls
 c - a scroll of immolation
 f - a scroll of noise {unknown}
 i - 2 scrolls of fog
 j - 4 scrolls of teleportation
 o - a scroll of amnesia {unknown}
 r - a scroll of torment
 x - a scroll of brand weapon {unknown}
 y - 2 scrolls of magic mapping {unknown}
 z - a scroll of enchant armour {unknown}
 A - a scroll of identify
 C - a scroll of vulnerability {unknown}
Potions
 d - 2 potions of heal wounds
 g - a potion of resistance {unknown}
 h - a potion of curing {unknown}
 k - 4 potions of invisibility {unknown}
 l - 2 potions of attraction {unknown}
 m - a potion of brilliance {unknown}
 n - 2 potions of magic
 q - a potion of lignification {unknown}
 t - 2 potions of mutation {unknown}
 B - a potion of degeneration {unknown}


   Skills:
 - Level 2.0 Fighting
 + Level 10.2 Crossbows
 + Level 9.1 Armour
 - Level 2.1 Dodging
 - Level 1.0 Stealth


You had 8 spell levels left.
You didn't know any spells.
Your spell library contained the following spells:

 Spells                   Type           Power      Damage    Failure   Level
 Beastly Appendage        Tmut           0%         N/A       73%         1
 Wereblood                Tmut           0%         N/A       86%         2
 Portal Projectile        Hex/Tloc       0%         N/A       97%         3
 Spider Form              Tmut/Pois      0%         N/A       97%         3
 Leda's Liquefaction      Hex/Erth       0%         N/A       100%        4
 Call Canine Familiar     Summ           Unusable   N/A       N/A         3

Dungeon Overview and Level Annotations

Branches:
Dungeon (7/15)             Temple (1/1) D:4

Altars:
Ashenzari
Dithmenos
Elyvilon
Gozag
Kikubaaqudgha
Nemelex Xobeh
Okawaru
Qazlal
Trog
Uskayaw
Vehumet
Wu Jian
Xom
The Shining One

Annotations:
D:3 1 runed translucent door, Crazy Yiuf


Innate Abilities, Weirdness & Mutations

You have a beak for a mouth.
You have claws for feet.
Your magical nature lets you fly swiftly and evasively.


Message History

You shoot a bolt.
The bolt closely misses the orc warrior.
You shoot a bolt. The bolt hits the orc warrior!
The orc warrior is moderately wounded.
An orc comes into view. It is wielding a +0 club.
You shoot a bolt. The bolt hits the orc warrior.
The orc warrior is heavily wounded.
You sense an unholy aura.
b - a +2 dagger of draining (weapon)
The orc warrior hits you but does no damage.
There is a stone staircase leading up here.
The orc warrior hits you with a +0 glaive!
You fly upwards.
There is a stone staircase leading down here.
You hit the orc warrior but do no damage.
You claw the orc warrior, but do no damage.
The orc warrior is moderately wounded.
The orc warrior hits you but does no damage.
You barely miss the orc warrior. You claw the orc warrior.
The orc warrior is heavily wounded.
The orc warrior hits you with a +0 glaive!
You hit the orc warrior. You drain the orc warrior.
You claw the orc warrior, but do no damage.
The orc warrior is severely wounded.
The orc warrior barely misses you.
You hit the orc warrior.
The orc warrior is severely wounded.
The orc warrior misses you.
You completely miss the orc warrior.
You claw the orc warrior, but do no damage.
Your peck misses the orc warrior.
The orc warrior is severely wounded.
The orc warrior hits you with a +0 glaive!
* * * LOW HITPOINT WARNING * * *
You hit the orc warrior but do no damage.
You drain the orc warrior. Your peck misses the orc warrior.
The orc warrior is severely wounded.
The orc warrior hits you with a +0 glaive!
You die...

..............)......####..####
..............................#
#.#.####.###..#............#..###
#.#§§# #.# #...............#..##.
#.##§###.###.#.......#.#).....##.
.§#§§§##......................##.
§#§#§#§#####)##........#...#####.
..§._§§..........###.###)..#####.
.#§#§#§#........@o...............
###§§§######.##..###.###.).######
####§#######.##..# #.# #...#
......#..........# #)# #.).# #
###...........)..# #)# #...# #
#...######.#...###.# #...# #
#...###....#.......# #...# #
#........#.#.......###...# #
#...###..#...............# #


You could see an orc warrior (very drained).

Vanquished Creatures
  Grinder (D:3)
  Duvessa (D:5)
  2 orc warriors (D:6)
  An ice beast (D:6)
  A sky beast (D:6)
  An ogre (D:4)
  A kobold brigand (D:6)
  Blork the orc (D:5)
  A gnoll sergeant (D:6)
  A bullfrog (D:6)
  2 necrophages
  2 scorpions (D:6)
  Dowan (D:5)
  A gnoll shaman (D:6)
  An orc priest (D:3)
  4 hounds
  4 jellies
  3 iguanas (D:6)
  2 orc wizards
  15 gnolls
  8 adders
  A white imp (D:5)
  An ufetubus (D:6)
  2 worms
  2 dart slugs
  22 orcs
  8 endoplasms
  4 giant cockroaches
  10 goblins
  8 hobgoblins
  4 jackals (D:4)
  4 quokkas
  7 ball pythons
  2 bats
  4 frilled lizards
  12 kobolds
  6 rats
151 creatures vanquished.

Notes
Turn   | Place    | Note
-------+----------+-------------------------------------------
     0 | D:1      | Miritol the Tengu Hunter began the quest for the Orb.
     0 | D:1      | Reached XP level 1. HP: 12/12 MP: 2/2
   314 | D:1      | Reached skill level 1 in Armour
   314 | D:1      | Reached XP level 2. HP: 17/17 MP: 3/3
  1018 | D:2      | Reached XP level 3. HP: 21/21 MP: 4/4
  1051 | D:2      | Reached skill level 5 in Crossbows
  1362 | D:2      | Found a faded altar of an unknown god.
  1505 | D:2      | Reached XP level 4. HP: 23/26 MP: 5/5
  2421 | D:3      | Gained mutation: Your magical nature lets you fly swiftly
                  | and evasively. [Tengu growth]
  2421 | D:3      | Reached XP level 5. HP: 24/30 MP: 6/6
  2948 | D:3      | Reached skill level 6 in Crossbows
  3331 | D:3      | Noticed Grinder
  3332 | D:3      | Paralysed by Grinder for 3 turns
  3344 | D:3      | Killed Grinder
  3345 | D:3      | Reached XP level 6. HP: 16/35 MP: 7/7
  3566 | D:3      | Found a stormy altar of Qazlal.
  3675 | D:3      | Found a runed translucent door.
  3676 | D:3      | Noticed Crazy Yiuf
  3989 | D:4      | Reached skill level 5 in Armour
  4112 | D:4      | Reached skill level 7 in Crossbows
  4112 | D:4      | Reached XP level 7. HP: 35/40 MP: 8/8
  4194 | D:4      | Found an opulent altar of Gozag.
  4209 | D:4      | Found a staircase to the Ecumenical Temple.
  4219 | Temple   | Entered the Ecumenical Temple
  4417 | Temple   | Became a worshipper of Warmaster Okawaru
  4977 | D:4      | HP: 2/40 [ogre/+0 giant spiked club (11)]
  5452 | D:5      | Entered Level 5 of the Dungeon
  5500 | D:5      | Found a radiant altar of Vehumet.
  6059 | D:5      | Noticed Duvessa
  6059 | D:5      | Noticed Dowan
  6072 | D:5      | Killed Duvessa
  6073 | D:5      | Reached skill level 8 in Crossbows
  6073 | D:5      | Reached XP level 8. HP: 31/44 MP: 9/9
  6083 | D:5      | Killed Dowan
  6336 | D:5      | Reached * piety under Okawaru
  6673 | D:5      | Noticed Blork the orc
  6715 | D:5      | Killed Blork the orc
  7125 | D:6      | Found a shimmering altar of Xom.
  7127 | D:6      | Found a glowing golden altar of the Shining One.
  7160 | D:6      | Reached skill level 9 in Crossbows
  7782 | D:6      | Found a shadowy altar of Dithmenos.
  7886 | D:6      | Reached XP level 9. HP: 48/48 MP: 10/10
  8214 | D:6      | Reached skill level 10 in Crossbows
  8565 | D:6      | Reached ** piety under Okawaru
  8938 | D:6      | Slain by an orc warrior

Illustrated notes

Levels and vault maps discovered:
D:1:      eino_arrival_tree_alley, layout_basic, serial_corexii_hall,
          corexii_hall_statues_x, chequers_hall_statues_wall_a,
          corexii_hall_statues_x, feat_on_display
D:2:      layout_basic, hellmonk_ecumenical_altar_crossroads, st_stairs_7,
          kennysheep_flooded_box
D:3:      layout_basic, grunt_qazlal_clouds, nrook_loot_triangle, uniq_grinder,
          uniq_crazy_yiuf_cottage
D:4:      layout_gridville, mainiacjoe_overflow_paths,
          minmay_temple_entry_arrows
D:5:      layout_cave_pods, amcnicky_altar_gilded, uniq_blork_the_orc,
          uniq_duvessa
D:6:      layout_basic, grunt_temple_overflow_open,
          grunt_dithmenos_smoke_and_mirrors
D:7:      layout_layer_cave, uniq_menkaure
Temple:   compressed_dpeg_triangle_lava_temple

Skill      XL: |  1  2  3  4  5  6  7  8  9 |
---------------+----------------------------+-----
Armour         | 1 2 3 4 5 6 8 9 |  9.1
Crossbows      | 5 6 7 8 9 10 | 10.2
Fighting       | |  2.0
Dodging        | |  2.1
Stealth        | |  1.0

Action                   |  1- 3 |  4- 6 |  7- 9 || total
-------------------------+-------+-------+-------++-------
Melee: Short sword       |     7 |     9 |       ||    16
       Kick              |     2 |    14 |    68 ||    84
       Peck              |       |    11 |    60 ||    71
       Flail             |       |    42 |     8 ||    50
       Dagger            |       |       |   199 ||   199
       Punch             |       |       |     1 ||     1
 Fire: Hand crossbow     |    81 |   111 |   167 ||   359
Throw: Dart              |       |       |     2 ||     2
  Use: Scroll            |       |       |     6 ||     6
       Potion            |       |       |     1 ||     1
Armor: Chain mail        |    24 |    76 |    40 ||   140
       Ring mail         |       |       |     6 ||     6
       Scale mail        |       |       |    38 ||    38
Dodge: Dodged            |    21 |    52 |   144 ||   217

Table legend: (Time is in decaauts)
 A = Elapsed time spent in this place.
 B = Non-inter-level travel time spent in this place.
 C = Inter-level travel time spent in this place.
 D = Time resting spent in this place.
 E = Time spent auto-exploring this place.
 F = Levels seen in this place.
 G = Mean time per level.
                   A        B        C        D        E       F      G
               +--------+--------+--------+--------+--------+-----+--------+
         Total |   8778 |   8528 |    250 |    944 |   6126 |   8 | 1097.2 |
       Dungeon |   8586 |   8348 |    238 |    944 |   5982 |   7 | 1226.6 |
        Temple |    192 |    180 |     12 |      0 |    144 |   1 |  192.0 |
               +--------+--------+--------+--------+--------+-----+--------+

Top non-repeatable levels by time:
     D:6: 1738 daAuts
     D:3: 1618 daAuts
     D:5: 1582 daAuts
     D:2: 1389 daAuts
     D:4: 1242 daAuts
     D:1: 1006 daAuts
  Temple: 192 daAuts
     D:7: 7 daAuts
